 Dungeon Crawl Stone Soup version 0.30-a0-778-g2ef04afb54 (console) character file.

Game seed: 16731633903656377509

300 rlgrobin the Chopper (level 6, -4/51 HPs)
             Began as a Meteoran Fighter on Feb 15, 2023.
             Killed from afar by Dowan (7 damage)
             ... with a puff of flame
             ... on level 5 of the Dungeon.
             The game lasted 00:02:58 (446 turns).

rlgrobin the Chopper (Meteoran Fighter)              Turns: 446, Time: 00:02:59

Health: -4/51      AC:  6    Str: 19    XL:     6   Next: 96%
Magic:  7/7        EV:  9    Int: 10    God:
Gold:   38         SH:  5    Dex: 14    Spells: 5/5 levels left

rFire   . . .      SeeInvis .    a - +0 war axe
rCold   . . .      Faith    .    c - +0 buckler
rNeg    . . .      Spirit   .    b - +0 scale mail
rPois   .          Reflect  .    (no helmet)
rElec   .          Harm     .    (no cloak)
rCorr   .          Rampage  .    (no gloves)
Will    .....                    (no boots) Stlth
                                 (no amulet)
HPRegen 0.28/turn                (no ring)
MPRegen 0.10/turn                (no ring)

@: mighty, glowing
A: sense surroundings 1, otherworldly, glowing, explore regen
a: no special abilities


You were on level 5 of the Dungeon.
You visited 1 branch of the dungeon, and saw 5 of its levels.

You collected 38 gold pieces.

Inventory:

Hand Weapons
 a - a +0 war axe (weapon)
 h - the +4 whip "Fienne Tytto" {protect, *Noise rC+ Int+3}
   (You found it on level 2 of the Dungeon)

   Int:       It affects your intelligence (+3).
   rC:        It protects you from cold.
   *Noise:    It may make noises in combat.
Armour
 b - a +0 scale mail (worn)
 c - a +0 buckler (worn)
Scrolls
 g - a scroll of identify {unknown}
 i - a scroll of teleportation {unknown}
Potions
 e - a potion of berserk rage {unknown}
 f - a potion of lignification {unknown}
 j - a potion of brilliance {unknown}


   Skills:
 - Level 3.2 Fighting
 + Level 7.9 Axes
 - Level 3.6 Armour
 - Level 3.6 Shields


You had 5 spell levels left.
You didn't know any spells.
Your spell library contained the following spells:

 Spells                   Type           Power      Damage    Failure   Level
 Cigotuvi's Dreadful Rot  Necr/Pois/Air  0%         N/A       91%         2
 Dispel Undead            Necr           0%         3d6       100%        4
 Death Channel            Necr           0%         N/A       100%        6


Dungeon Overview and Level Annotations

Branches:
Dungeon (5/15) Zot: 2531
 Temple: D:4-7

Altars:

Annotations:
D:5 Dowan, Duvessa


Innate Abilities, Weirdness & Mutations

You passively map a small area around you.
You are easily found by Zot.
You glow in the dark.
You regain HP and MP as you explore.


Message History

Duvessa, Sister of Dowan comes into view.
She is wielding a +0 short sword.
The gnoll bouda hits you with a +0 whip.
* * * LOW HITPOINT WARNING * * *
You slash the gnoll bouda!
You kill the gnoll bouda!
Things that are here:
a +0 whip; a +0 robe You slash Dowan!
Dowan is heavily wounded.
Your attacks no longer feel as feeble.
Dowan drinks a potion.
Dowan is healed!
You closely miss Dowan. Dowan hits you with a +0 dagger.
* * * LOW HITPOINT WARNING * * *
You closely miss Dowan.
Duvessa says, "When magic and the sword combine, nothing stands against them."
You slice Duvessa!!
Duvessa is severely wounded.
You slash Duvessa!
Duvessa is severely wounded.
You closely miss Dowan. Duvessa barely misses you.
Dowan hits you with a +0 dagger.
* * * LOW HITPOINT WARNING * * *
You hit Duvessa.
Duvessa is almost dead.
You hit Dowan. Duvessa hits you with a +0 short sword.
* * * LOW HITPOINT WARNING * * *
Dowan points at Duvessa and mumbles some strange words.
Duvessa seems to speed up.
You closely miss Duvessa.
Duvessa is almost dead.
You barely miss Dowan. Duvessa hits you but does no damage.
Dowan casts a spell.
Dowan blinks!
Duvessa hits you but does no damage.
You barely miss Duvessa.
Duvessa is almost dead.
Duvessa hits you with a +0 short sword.
* * * LOW HITPOINT WARNING * * *
Dowan casts a spell at you. The puff of flame hits you!
You die...

,,#..........# ..,, *
#..........#...# *.., *
###..........#...######..
,
.............#...#.......
...#####.....#...#.......
, ..†# #.....# ..#.......
, .(.# #.....###'#.......
, ...# #.......§e........
, ,, ...#
#......))@......#* * ...#
#...............# , ...#
#...............#,, ,
...# ######..........#
...# #..........#,, , ,
...# #.....e....# ...#
#..........# .).######
#.####.....# , ,
........# #., *.... *


You could see Duvessa (fast) and Dowan.

Vanquished Creatures
  An ice beast (D:5)
  A phantom (D:5)
  A gnoll bouda (D:5)
  An iguana (D:5)
  4 gnolls (D:5)
  2 adders
  A dart slug (D:1)
  4 orcs
  A ball python (D:1)
  An endoplasm (D:4)
  3 goblins
  2 quokkas
  A bat (D:2)
  A rat (D:1)
24 creatures vanquished.

Notes
Turn   | Place    | Note
-------+----------+-------------------------------------------
     0 | D:1      | rlgrobin the Meteoran Fighter began the quest for the Orb.
     0 | D:1      | Reached XP level 1. HP: 19/19 MP: 2/2
   134 | D:1      | Reached skill level 3 in Axes
   134 | D:1      | Reached XP level 2. HP: 26/26 MP: 3/3
   206 | D:2      | Identified the +4 whip "Fienne Tytto" {protect, *Noise rC+
                  | Int+3}
   250 | D:3      | Reached XP level 3. HP: 31/31 MP: 4/4
   255 | D:4      | Reached skill level 4 in Axes
   306 | D:5      | Entered Level 5 of the Dungeon
   336 | D:5      | Noticed an ice beast
   346 | D:5      | Killed an ice beast
   347 | D:5      | Reached skill level 6 in Axes
   347 | D:5      | Reached XP level 4. HP: 22/38 MP: 5/5
   347 | D:5      | Reached XP level 5. HP: 26/45 MP: 6/6
   382 | D:4      | Reached XP level 6. HP: 17/51 MP: 7/7
   433 | D:5      | Reached skill level 7 in Axes
   433 | D:5      | Noticed Dowan
   436 | D:5      | Noticed Duvessa
   446 | D:5      | Killed from afar by Dowan

Illustrated notes

Levels and vault maps discovered:
D:1:      minmay_arrival_widening_spiral_wide, layout_loops_ring, serial_shops,
          nicolae_shop_bloodbath_and_beyond, minivault_11,
          chequers_serial_rivers_micro_c
D:2:      layout_basic, nrook_mini_vaults
D:3:      minmay_spotlight, layout_rooms, mainiacjoe_overflow_large_starburst
D:4:      layout_gridville, chequers_serial_rivers_micro_c
D:5:      layout_gridville, amcnicky_altar_gilded,
          minmay_temple_entry_from_below_a, serial_shops, shop, uniq_duvessa,
          uniq_blork_the_orc

Skill      XL: |  1  2  3  4  5  6 |
---------------+-------------------+-----
Axes           | 3 6 7 |  7.9
Fighting       | |  3.2
Armour         | |  3.6
Shields        | |  3.6

Action                     |  1- 3 |  4- 6 || total
---------------------------+-------+-------++-------
  Melee: War axe           |    40 |    36 ||    76
    Use: Potion            |       |     1 ||     1
 Armour: Scale mail        |    26 |    12 ||    38
  Dodge: Dodged            |    19 |     8 ||    27
  Block: Buckler           |     9 |     7 ||    16

Table legend: (Time is in decaauts)
 A = Elapsed time spent in this place.
 B = Non-inter-level travel time spent in this place.
 C = Inter-level travel time spent in this place.
 D = Time resting spent in this place.
 E = Time spent auto-exploring this place.
 F = Levels seen in this place.
 G = Mean time per level.
                   A        B        C        D        E       F      G
               +--------+--------+--------+--------+--------+-----+--------+
         Total |    467 |    467 |      0 |      0 |      0 |   5 |   93.4 |
       Dungeon |    467 |    467 |      0 |      0 |      0 |   5 |   93.4 |
               +--------+--------+--------+--------+--------+-----+--------+

Top non-repeatable levels by time:
     D:1: 171 daAuts
     D:5: 117 daAuts
     D:4: 87 daAuts
     D:2: 72 daAuts
     D:3: 19 daAuts
